 Dungeon Crawl Stone Soup version 0.22.1 (webtiles) character file.

22255 Ghost6211 the Peltast (level 12, -6/112 HPs)
             Began as a Minotaur Fighter on Sept 18, 2018.
             Was a High Priest of Qazlal.
             Mangled by a komodo dragon (21 damage)
             ... on level 2 of the Lair of Beasts.
             The game lasted 00:32:39 (12452 turns).

Ghost6211 the Peltast (Minotaur Fighter)           Turns: 12452, Time: 00:32:40

Health: -6/112     AC: 14    Str: 27    XL:     12   Next: 61%
Magic:  17/17      EV: 11    Int:  9    God:    Qazlal [*****.]
Gold:   1055       SH: 21    Dex: 12    Spells: 11/11 levels left

rFire    . . .     SeeInvis .   H - +2 mace (protect)
rCold    . . .     Gourm    .   c - +0 shield
rNeg     . . .     Faith    .   a - +1 leather armour of the Circus Animal {rPois Regen+ Int+4}
rPois    +         Spirit   .   (helmet restricted)
rElec    .         Reflect  .   n - +0 cloak
rCorr    .         Harm     .   (no gloves)
MR       .....                  w - +1 pair of boots
Stlth    +.........             I - amulet of magic regeneration
HPRegen  0.68/turn              e - +3 ring of strength
MPRegen  0.40/turn              (no ring)

@: protection aura, repel missiles
A: retaliatory headbutt, horns 2
a: Upheaval, Elemental Force, Disaster Area, Renounce Religion


You were on level 2 of the Lair of Beasts.
You worshipped Qazlal.
Qazlal was extremely pleased with you.
You were not hungry.

You visited 3 branches of the dungeon, and saw 15 of its levels.
You also visited: Ossuary.

You collected 1055 gold pieces.

Inventory:

Hand Weapons
 H - a +2 mace of protection (weapon)
Missiles
 g - 513 stones (quivered)
Armour
 a - the +1 leather armour of the Circus Animal (worn) {rPois Regen+ Int+4}
   (You found it on level 12 of the Dungeon)

   It affects your intelligence (+4).
   It protects you from poison.
   It increases your rate of regeneration.
 c - a +0 shield (worn)
 n - a +0 cloak (worn)
 w - a +1 pair of boots (worn)
 F - a +2 leather armour of poison resistance
Jewellery
 e - a +3 ring of strength (left hand)
 I - an amulet of magic regeneration (around neck)
 L - an uncursed amulet of faith
Wands
 b - a wand of iceblast (10)
 q - a wand of paralysis (6)
 y - a wand of polymorph (10)
Scrolls
 h - 3 scrolls of random uselessness {unknown}
 j - 2 scrolls of immolation
 l - 3 scrolls of magic mapping
 p - 2 scrolls of amnesia
 r - 4 scrolls of enchant weapon
 t - 3 scrolls of fog
 u - 7 scrolls of blinking
 v - a scroll of noise {unknown}
 B - 5 scrolls of teleportation
 D - 6 scrolls of remove curse
 G - 2 scrolls of summoning {unknown}
 M - 2 scrolls of identify
 O - 2 scrolls of fear
 P - a scroll of enchant armour
Potions
 d - 3 potions of might
 i - a potion of ambrosia {unknown}
 k - a potion of cancellation
 m - a potion of brilliance {unknown}
 o - a potion of resistance
 s - 2 potions of flight {unknown}
 x - a potion of magic {unknown}
 z - 4 potions of curing
 A - a potion of lignification {unknown}
 C - 3 potions of berserk rage {unknown}
 E - 4 potions of agility {unknown}
 J - 3 potions of haste
 K - 5 potions of degeneration
 N - a potion of invisibility {unknown}
Comestibles
 f - 26 rations


   Skills:
 + Level 12.1 Fighting
 * Level 12.0 Maces & Flails
 + Level 4.0 Armour
 + Level 15.9 Shields
 + Level 8.2 Invocations


You had 11 spell levels left.
You didn't know any spells.
Your spell library contained the following spells:

 Spells                   Type           Power        Failure   Level  Hunger
 Corona                   Hex            #......      41%         1    ##.....
 Flame Tongue             Conj/Fire      #....        41%         1    ##.....
 Freeze                   Ice            #...         41%         1    ##.....
 Shock                    Conj/Air       #...         41%         1    ##.....
 Ensorcelled Hibernation  Hex/Ice        #.....       56%         2    ###....
 Slow                     Hex            #.......     56%         2    ###....
 Swiftness                Chrm/Air       #.......     56%         2    ###....
 Throw Flame              Conj/Fire      #.....       56%         2    ###....
 Throw Frost              Conj/Ice       #.....       56%         2    ###....
 Confuse                  Hex            #.......     80%         3    ####...
 Conjure Flame            Conj/Fire      #.......     80%         3    ####...
 Dazzling Spray           Conj/Hex       #.....       80%         3    ####...
 Inner Flame              Hex/Fire       #.......     80%         3    ####...
 Ozocubu's Armour         Chrm/Ice       #.......     80%         3    ####...
 Portal Projectile        Hex/Tloc       #.....       80%         3    ####...
 Static Discharge         Conj/Air       #.......     80%         3    ####...
 Tukima's Dance           Hex            #.......     80%         3    ####...
 Airstrike                Air            #.........   99%         4    #####..
 Cause Fear               Hex            #.........   99%         4    #####..
 Leda's Liquefaction      Hex/Erth       #.........   99%         4    #####..
 Sticky Flame             Conj/Fire      #.......     99%         4    #####..
 Summon Ice Beast         Ice/Summ       #.......     99%         4    #####..
 Throw Icicle             Conj/Ice       #.......     99%         4    #####..
 Bolt of Magma            Conj/Fire/Erth #.........   100%        5    ######.
 Fireball                 Conj/Fire      #.........   100%        5    ######.
 Lightning Bolt           Conj/Air       #.........   100%        5    ######.
 Iron Shot                Conj/Erth      #.........   100%        6    #######
 Statue Form              Tmut/Erth      #........    100%        6    #######
 Shatter                  Erth           #.........   100%        9    #######


Dungeon Overview and Level Annotations

Branches:
Dungeon (12/15)            Temple (1/1) D:5            Lair (2/6) D:8
    Orc (0/2) D:12
  Swamp: Lair:2-4    Shoals: Lair:2-4     Snake: Lair:2-4    Spider: Lair:2-4

Altars:
Ashenzari
Cheibriados
Dithmenos
Elyvilon
Fedhas
Gozag
Hepliaklqana
Kikubaaqudgha
Makhleb
Nemelex Xobeh
Okawaru
Qazlal
Ru
Sif Muna
Trog
Uskayaw
Vehumet
Wu Jian
Xom
Yredelemnul
Zin
The Shining One

Shops:
D:4 [   D:9 %

Annotations:
D:7 1 runed door
D:12 3 runed doors, aaksess's ghost, journeyman GnWr


Innate Abilities, Weirdness & Mutations

You reflexively headbutt those who attack you in melee.
You have a pair of horns on your head.


Message History

You are too injured to fight recklessly!
You are too injured to fight recklessly!
You are too injured to fight recklessly!
You are too injured to fight recklessly!
You sock the blink frog! Your headbutt misses the blink frog.
The blink frog is severely wounded.
The blink frog is engulfed in blazing flames.
You kill the blink frog!
Qazlal accepts your kill.
Your Maces & Flails skill increases to level 12!
A blink frog comes into view.
The komodo dragon bites you! You block the blink frog's attack.
You closely miss the komodo dragon.
The blink frog blinks!
You block the blink frog's attack.
The blink frog blinks!
The komodo dragon bites you!
* * * LOW HITPOINT WARNING * * *
You feel better. The blink frog hits you!
* * * LOW HITPOINT WARNING * * *
The komodo dragon bites you!!
You die...

+................
..................
..................
..(.............
#.....|.......
#............ #
#..§..§...... ...
#...†.§......
#...##...§@lF.!...
#..<.§F§F......
#.....##..§..§.....
...8.. #....§......
..(.. .§##.........
8..<..8. ##........
...?.... .........
...8.. .#....... ..


You could see a komodo dragon and 3 blink frogs.

Vanquished Creatures
  A hydra (D:12)
  2 two-headed ogres
  Urug (D:11)
  An unseen horror (D:10)
  Pikel (D:4)
  The ghost of skk the Carver, a novice TeGl of Trog (D:6)
  A black mamba (Lair:1)
  2 gargoyles (D:12)
  Maurice (D:10)
  Psyche (D:9)
  2 komodo dragons (Lair:1)
  2 trolls
  A hornet (D:12)
  A queen bee (D:9)
  2 slime creatures (D:12)
  7 blink frogs
  5 hippogriffs
  A shadow (D:11)
  17 yaks
  3 hogs (D:8)
  4 wyverns
  2 hungry ghosts
  A human (D:8)
  A basilisk (D:8)
  3 acid dragons
  3 water moccasins (Lair:2)
  2 porcupines (Lair:1)
  A slave (D:4)
  2 sky beasts (D:11)
  8 orc warriors
  A swamp drake (D:12)
  6 ice beasts
  A phantom (D:5)
  A black bear (D:6)
  A necrophage (D:11)
  4 ogres
  6 wolves (Lair:1)
  11 centaurs
  A big kobold (D:11)
  2 crocodiles
  2 elf zombies (Ossuary)
  2 gnoll sergeants
  6 bullfrogs
  2 scorpions
  26 killer bees
  3 howler monkeys (D:9)
  5 crimson imps
  2 centaur zombies
  A human zombie (Ossuary)
  2 quasits
  A bullfrog zombie (D:6)
  4 hounds
  7 orc priests
  A jelly (D:5)
  2 bullfrog skeletons
  A centaur skeleton (D:10)
  Crazy Yiuf (D:6)
  Natasha (thrice) (D:4)
  Terence (D:3)
  2 iguanas
  13 orc wizards
  10 worker ants
  2 big kobold zombies (Ossuary)
  A hound zombie (D:5)
  A hound skeleton (D:4)
  2 mummies (Ossuary)
  Robin (D:2)
  A worker ant zombie (D:7)
  14 gnolls
  14 adders
  A shadow imp (D:6)
  2 oozes
  An adder zombie (Ossuary)
  An adder skeleton (D:6)
  5 worms
  2 dart slugs
  6 leopard geckos
  61 orcs
  A ball python (D:6)
  11 bats
  5 giant cockroaches
  17 goblins
  11 hobgoblins
  2 jackals (D:2)
  4 quokkas
  5 frilled lizards
  2 goblin zombies (Ossuary)
  8 hobgoblin zombies (Ossuary)
  3 jackal zombies (Ossuary)
  14 kobolds
  8 kobold zombies (Ossuary)
  10 orc zombies (Ossuary)
  A quokka zombie (D:6)
  17 rats
  3 butterflies (D:7)
448 creatures vanquished.

Vanquished Creatures (others)
  A two-headed ogre (D:12)
1 creature vanquished.

Grand Total: 449 creatures vanquished

Notes
Turn   | Place    | Note
-------+----------+-------------------------------------------
     0 | D:1      | Ghost6211 the Minotaur Fighter began the quest for the Orb.
     0 | D:1      | Reached XP level 1. HP: 19/19 MP: 0/0
   196 | D:1      | Reached skill level 4 in Shields
   196 | D:1      | Reached XP level 2. HP: 24/27 MP: 1/1
   876 | D:2      | Reached XP level 3. HP: 22/33 MP: 2/2
  1160 | D:2      | Noticed Robin
  1186 | D:2      | Killed Robin
  1242 | D:2      | Reached skill level 5 in Shields
  1250 | D:2      | Reached XP level 4. HP: 30/40 MP: 3/3
  1528 | D:2      | Found a sparkling altar of Nemelex Xobeh.
  1741 | D:2      | Reached XP level 5. HP: 39/47 MP: 4/4
  1865 | D:2      | Found a bloodstained altar of Trog.
  1992 | D:3      | Reached skill level 6 in Shields
  2122 | D:3      | Noticed Terence
  2132 | D:3      | Killed Terence
  2132 | D:3      | Reached skill level 5 in Fighting
  2230 | D:3      | Reached XP level 6. HP: 56/56 MP: 5/5
  2614 | D:4      | Noticed Natasha
  2635 | D:4      | Killed Natasha
  3260 | D:4      | Reached skill level 7 in Shields
  3276 | D:4      | Noticed Natasha
  3278 | D:4      | Found Ykix Heg's Antique Armour Shop.
  3282 | D:4      | Killed Natasha
  3421 | D:4      | Noticed Natasha
  3427 | D:4      | Killed Natasha
  3443 | D:4      | Noticed a slave
  3444 | D:4      | Noticed a slave
  3444 | D:4      | Noticed a slave
  3444 | D:4      | Noticed a slave
  3445 | D:4      | Noticed Pikel
  3451 | D:4      | Killed a slave
  3466 | D:4      | Killed Pikel
  3466 | D:4      | Reached skill level 5 in Maces & Flails
  3466 | D:4      | Reached skill level 8 in Shields
  3466 | D:4      | Reached XP level 7. HP: 12/64 MP: 6/6
  3955 | D:5      | Entered Level 5 of the Dungeon
  3969 | D:5      | Reached XP level 8. HP: 55/71 MP: 7/7
  3992 | D:5      | Found an ornate altar of the Wu Jian Council.
  4029 | D:5      | Noticed a hand axe
  4029 | D:5      | Noticed a hand axe
  4031 | D:5      | Found a hide-covered altar of Uskayaw.
  4038 | D:5      | Reached skill level 9 in Shields
  4315 | D:5      | Found a sand-covered staircase.
  4323 | Ossuary  | Entered an ossuary
  4624 | D:5      | Reached skill level 10 in Shields
  4831 | D:5      | Found a staircase to the Ecumenical Temple.
  4882 | Temple   | Entered the Ecumenical Temple
  4913 | Temple   | Became a worshipper of Qazlal Stormbringer
  5190 | D:5      | Found a shadowy altar of Dithmenos.
  5541 | D:5      | Reached skill level 1 in Invocations
  5650 | D:6      | Reached XP level 9. HP: 65/81 MP: 8/8
  5654 | D:6      | Found a runed door.
  5659 | D:6      | Noticed skk's ghost (novice TeGl)
  5789 | D:6      | Found a runed door.
  5874 | D:6      | Found a sparkling altar of Nemelex Xobeh.
  5895 | D:6      | Reached * piety under Qazlal
  6059 | D:6      | Killed skk's ghost
  6059 | D:6      | Reached skill level 11 in Shields
  6152 | D:6      | Noticed Crazy Yiuf
  6157 | D:6      | Killed Crazy Yiuf
  6325 | D:7      | Found a runed door.
  6355 | D:7      | Found a runed door.
  6402 | D:7      | Reached ** piety under Qazlal
  6806 | D:8      | Reached skill level 12 in Shields
  6806 | D:8      | Reached XP level 10. HP: 61/91 MP: 11/11
  7320 | D:8      | Found a sacrificial altar of Ru.
  7436 | D:8      | Found a staircase to the Lair.
  7907 | D:9      | Noticed Psyche
  7932 | D:9      | Killed Psyche
  7932 | D:9      | Reached skill level 5 in Invocations
  7933 | D:9      | Reached skill level 13 in Shields
  7944 | D:9      | Reached *** piety under Qazlal
  8275 | D:9      | Noticed a two-headed ogre
  8287 | D:9      | Killed a two-headed ogre
  8287 | D:9      | Reached skill level 10 in Fighting
  8354 | D:9      | Found a white marble altar of Elyvilon.
  8484 | D:9      | Reached XP level 11. HP: 93/100 MP: 14/14
  8521 | D:9      | Reached skill level 10 in Maces & Flails
  8613 | D:9      | Reached **** piety under Qazlal
  9089 | D:9      | Found Aniam's Food Shoppe.
  9200 | D:10     | Entered Level 10 of the Dungeon
  9202 | D:10     | Noticed Maurice
  9212 | D:10     | Paralysed by Maurice for 4 turns
  9226 | D:10     | Paralysed by Maurice for 3 turns
  9233 | D:10     | Killed Maurice
  9269 | D:10     | Reached skill level 14 in Shields
  9404 | D:10     | Killed an unseen horror
  9983 | D:11     | Noticed Urug
  9998 | D:11     | Killed Urug
 10265 | D:11     | Reached ***** piety under Qazlal
 10876 | D:12     | Noticed a deep elf mage
 10876 | D:12     | Noticed an eight-headed hydra
 10878 | D:12     | Reached skill level 15 in Shields
 10878 | D:12     | Noticed aaksess's ghost (journeyman GnWr)
 10878 | D:12     | Noticed a two-headed ogre
 10889 | D:12     | HP: 5/102 [eight-headed hydra (1)]
 10890 | D:12     | Killed an eight-headed hydra
 10890 | D:12     | Reached XP level 12. HP: 6/110 MP: 16/16
 11293 | D:12     | Found a runed gate.
 11293 | D:12     | Found a runed gate.
 11293 | D:12     | Found a runed gate.
 11298 | D:12     | Got a jewelled leather armour
 11299 | D:12     | Identified the +1 leather armour of the Circus Animal
                  | {rPois Regen+ Int+4} (You found it on level 12 of the
                  | Dungeon)
 11404 | D:12     | Noticed a two-headed ogre
 11420 | D:12     | Killed a two-headed ogre
 11441 | D:12     | Found a staircase to the Orcish Mines.
 11507 | D:12     | Killed a two-headed ogre
 11710 | Lair:1   | Entered Level 1 of the Lair of Beasts
 12101 | Lair:1   | Found a labyrinth entrance.
 12452 | Lair:2   | Mangled by a komodo dragon

Skill      XL: |  1  2  3  4  5  6  7  8  9 10 11 12 |
---------------+-------------------------------------+-----
Shields        | 4 5 6 8 10 12 13 15 | 15.9
Fighting       | 4 5 6 7 9 10 11 12 | 12.1
Maces & Flails | 3 4 5 6 7 8 9 11 12 | 12.0
Invocations    | 1 3 5 7 8 |  8.2
Armour         | 4 |  4.0

Action                   |  1- 3 |  4- 6 |  7- 9 | 10-12 || total
-------------------------+-------+-------+-------+-------++-------
Melee: Flail             |    81 |   217 |   280 |       ||   578
       Headbutt          |    15 |    29 |    71 |   186 ||   301
       Mace              |       |       |   101 |   833 ||   934
       Unarmed           |       |       |       |     6 ||     6
Throw: Stone             |     5 |       |       |       ||     5
Invok: Upheaval          |       |       |       |     1 ||     1
       Disaster Area     |       |       |       |     1 ||     1
  Use: Scroll            |       |     9 |     3 |     5 ||    17
       Potion            |       |     1 |     4 |     6 ||    11
 Stab: Distracted        |       |       |     1 |       ||     1
       Confused          |       |       |       |     2 ||     2
  Eat: Ration            |     1 |     2 |     5 |     5 ||    13
       Chunk             |       |       |       |     1 ||     1
Armor: Scale mail        |    32 |   116 |    81 |       ||   229
       Leather armour    |       |       |    66 |   178 ||   244
       Skin              |       |       |       |     1 ||     1
Dodge: Dodged            |    46 |    92 |   116 |   202 ||   456
       Deflected         |       |       |       |     4 ||     4
Block: Shield            |    25 |    50 |   235 |   781 ||  1091
       Buckler           |     6 |    42 |       |       ||    48
